[Event "*** Titled Tuesday Blitz"]
[Site "Chess.com"]
[Date "2020.04.14"]
[Round "7"]
[White "juniortay"]
[Black "Gareth-Bale11"]
[Result "1-0"]
[WhiteElo "2483"]
[BlackElo "2773"]
[TimeControl "180+1"]
[EndTime "11:13:19 PDT"]
[Termination "juniortay won by resignation"]

1. e4 e5 2. Nc3 Nf6 3. Bc4 Bb4 4. Nge2 c6 5. O-O O-O 6. d4 d6 7. Bg5 h6 8. Bh4 b5 9. Bb3 a6 10. f4 exd4 11. Nxd4 Bc5 12. Kh1 Bb7 13. Nf3 a5 14. a3 Na6 15. Qe2 Re8 16. e5 Qc7 17. Bxf6 gxf6 18.
Nh4 Kf8 19. Nf5 Bc8 20. Nxh6 d5 21. Qh5 Qd7 22. Ne4 dxe4 23. Bxf7 Ra7 24. exf6 Bd4 25. Qg6 Qxf7 26. Nxf7 Rxf7 27. Qh6+ Kg8 28. Qg6+ Kf8 29. f5 Bxf6 30. Rae1 Nc5 31. b4 axb4 32. axb4 Nd7 33. Rf4 Rg7 34. Qh6 e3 35. Rg4 Ne5 36. Qxf6+ 1-0

[Event "*** Titled Tuesday Blitz"]
[Site "Chess.com"]
[Date "2020.04.14"]
[Round "7"]
[White "Embrujada"]
[Black "claudyna16"]
[Result "1-0"]
[WhiteElo "2393"]
[BlackElo "2519"]
[TimeControl "180+1"]
[EndTime "11:13:19 PDT"]
[Termination "Embrujada won by checkmate"]

1. b3 e5 2. Bb2 Nc6 3. e3 d5 4. Bb5 Bd6 5. f4 Qh4+ 6. g3 Qe7 7.
Nf3 Bg4 8. fxe5 Bxe5 9. Bxe5 Bxf3 10. Qxf3 Qxe5 11. Nc3 Nf6 12. O-O a6 13. Bxc6+ bxc6 14. d4 Qd6 15. e4 dxe4 16. Nxe4 Qxd4+ 17. Kh1 Nxe4 18. Qxf7+ Kd8 19. Rad1 Nd2 20. Rf2 Qd5+ 21. Qxd5+ cxd5 22. Rfxd2 c6 23. c4 Ra7 24. cxd5 cxd5 25.
Rxd5+ Kc8 26. Rd6 Re8 27. Rc1+ Kb8 28. a4 Rb7 29. Rc3 a5 30. Rd5 Re1+ 31. Kg2 Rb1 32.
Rxa5 Rb2+ 33. Kh3 Rb6 34. Rh5 h6 35. Rhc5 g6 36. Rc8+ Kb7 37. R3c7+ Ka6 38. Ra8# 1-0

[Event "*** Titled Tuesday Blitz"]
[Site "Chess.com"]
[Date "2020.04.14"]
[Round "7"]
[White "peixe64"]
[Black "bmt011"]
[Result "1-0"]
[WhiteElo "2307"]
[BlackElo "2007"]
[TimeControl "180+1"]
[EndTime "11:13:19 PDT"]
[Termination "peixe64 won by checkmate"]

1. d4 Nf6 2. c4 e6 3. Nc3 Bb4 4. Nf3 O-O 5. e3 b6 6. Bd3 d5 7. O-O Bb7 8. a3 Bd6 9. cxd5 exd5 10. Bd2 a6 11. Rc1 Nbd7 12. Bb1 Re8 13. Qc2 Qe7 14. h3 Ne4 15. Be1 f5 16. Nd2 Qh4 17. Nf3 Qh6 18. Qb3 Ndf6 19. Ne2 g5 20. Nh2 g4 21. f3 Bxh2+ 22. Kxh2 gxf3 23. gxf3 Ng5 24. Nf4 Nh5 25. Rg1 Nxf4 26. h4 Kh8 27. Rxg5 Ne6 28. Rg2 Ng7 29. Rxc7 Rxe3 30. Qc2 Nh5 31. Qxf5 Rxe1 32.
Rxh7+ Qxh7 33. Qxh7# 1-0

[Event "*** Titled Tuesday Blitz"]
[Site "Chess.com"]
[Date "2020.04.14"]
[Round "7"]
[White "SGchess01"]
[Black "djogrodek1"]
[Result "1-0"]
[WhiteElo "2703"]
[BlackElo "2553"]
[TimeControl "180+1"]
[EndTime "11:13:20 PDT"]
[Termination "SGchess01 won by resignation"]

1. e4 c5 2. Nf3 Nf6 3. Nc3 d5 4. exd5 Nxd5 5. Ne5 Nxc3 6. bxc3 Qc7 7. d4 cxd4 8. cxd4 Qc3+ 9. Bd2 Qxd4 10. Nf3 Qe4+ 11.
Be3 Nc6 12. Bd3 Qb4+ 13. Bd2 Qc5 14. O-O e6 15. Rb1 Be7 16. Qe2 O-O 17. Rb5 Qd6 18. Bc3 f6 19. Rd1 Qc7 20. Ng5 fxg5 21. Qh5 Rf5 22. Rxf5 exf5 23. Bc4+ Be6 24. Bxe6+ Kh8 25.
Qf7 1-0

[Event "*** Titled Tuesday Blitz"]
[Site "Chess.com"]
[Date "2020.04.14"]
[Round "7"]
[White "kreonx"]
[Black "blazingbanana"]
[Result "0-1"]
[WhiteElo "2233"]
[BlackElo "2393"]
[TimeControl "180+1"]
[EndTime "11:13:21 PDT"]
[Termination "blazingbanana won on time"]

1. e4 c5 2. Nc3 d6 3. g3 Nf6 4. Bg2 g6 5. d3 Bg7 6. h3 Nc6 7. Be3 a6 8. f4 Rb8 9. Nge2 Qc7 10.
O-O b5 11. g4 e6 12. Ng3 Bb7 13. g5 Nd7 14. Rb1 Bd4 15. Bxd4 Nxd4 16. Nce2 Nxe2+ 17. Qxe2 O-O 18. h4 d5 19. e5 Qb6 20. h5 c4+ 21.
Kh2 Qd4 22. dxc4 bxc4 23. c3 Qb6 24. Rh1 Nc5 25. Qg4 Nd3 26. hxg6 fxg6 27. Rbf1 Rf7 28. Bh3 Qxb2+ 29. Ne2 Rbf8 30. Rb1 Qd2 31. Rhd1 Qe3 32. Ng3 Nxf4 33. Rb2 Nd3 34. Re2 Rf2+ 35. Bg2 Rxe2 36.
Nxe2 Qxe5+ 37. Ng3 Nf2 0-1

[Event "*** Titled Tuesday Blitz"]
[Site "Chess.com"]
[Date "2020.04.14"]
[Round "7"]
[White "Guenplen"]
[Black "kuli4ik"]
[Result "1-0"]
[WhiteElo "2949"]
[BlackElo "2787"]
[TimeControl "180+1"]
[EndTime "11:13:23 PDT"]
[Termination "Guenplen won by resignation"]

1. Nf3 g6 2. c4 Bg7 3. Nc3 d6 4. g3 e5 5. Bg2 Ne7 6. d3 O-O 7. O-O h6 8. Rb1 f5 9. Ne1 Nd7 10. b4 Nf6 11. b5 g5 12. a4 Rb8 13. Nc2 Qe8 14. Nb4 Be6 15. Be3 f4 16. Bxa7 Ra8 17.
b6 c6 18. a5 Qh5 19. Ne4 Bh3 20. f3 Bxg2 21. Kxg2 Nf5 22. Nc2 g4 23. Nxf6+ Rxf6 24. fxg4 Qxg4 25. e4 f3+ 26. Kf2 Qh3 27. exf5 Qxh2+ 28. Ke1 Rxf5 29. Qd2 f2+ 30. Kd1 Qg2 31. Ne3 Qf3+ 32.
Qe2 1-0

[Event "*** Titled Tuesday Blitz"]
[Site "Chess.com"]
[Date "2020.04.14"]
[Round "7"]
[White "TomasKapitanchuk"]
[Black "Gentlejimmy7"]
[Result "0-1"]
[WhiteElo "2491"]
[BlackElo "2645"]
[TimeControl "180+1"]
[EndTime "11:13:23 PDT"]
[Termination "Gentlejimmy7 won by resignation"]

1. e4 c5 2. Nf3 Nc6 3. Bb5 g6 4.
Bxc6 dxc6 5. d3 Bg7 6. h3 e5 7. Be3 b6 8. a4 a5 9. Nc3 Nf6 10. Nd2 Nd7 11. Nc4 O-O 12. O-O Ba6 13. Re1 f5 14. f3 Qc7 15. Qb1 Rf7 16. Qa2 Nf8 17. Qb3 Rb8 18. Rf1 Kh8 19. f4 Bxc4 20. Qxc4 Re8 21.
fxe5 Ne6 22. exf5 gxf5 23. Rae1 Bxe5 24. Bf2 f4 25. Kh1 Rg7 26. Ne4 f3 27. gxf3 Nf4 28. d4 Qd7 29. Ng5 Rxg5 0-1

[Event "*** Titled Tuesday Blitz"]
[Site "Chess.com"]
[Date "2020.04.14"]
[Round "7"]
[White "pedroholly22"]
[Black "Efremov_Vlad"]
[Result "1/2-1/2"]
[WhiteElo "2334"]
[BlackElo "2165"]
[TimeControl "180+1"]
[EndTime "11:13:23 PDT"]
[Termination "Game drawn by stalemate"]

1. e4 c5 2. Nf3 e6 3. d4 cxd4 4. Nxd4 Nc6 5. Nc3 Qc7 6. Be3 a6 7. Qd2 Nf6 8. O-O-O b5 9. Nxc6 dxc6 10. f3 Be7 11. g4 e5 12. h4 a5 13. h5 h6 14. g5 hxg5 15. Bxg5 Be6 16. Bh3 Bxh3 17. Rxh3 a4 18. Ne2 Rd8 19. Qe1 Rxd1+ 20. Qxd1 Rxh5 21.
Rxh5 Nxh5 22. Be3 g6 23. c4 Qd7 24. cxb5 Qxd1+ 25. Kxd1 cxb5 26. Nc3 b4 27. Nxa4 f5 28. Nb6 fxe4 29. fxe4 Ng3 30. Nc4 Nxe4 31. Nxe5 g5 32.
Kc2 Bf6 33. Ng4 Be7 34. Kd3 Nf6 35. Nxf6+ Bxf6 36. Bc1 Kd7 37. Kc4 Bxb2 38. Bxb2 Kc6 39. Kxb4 Kb7 40. Be5 Ka8 41. Bg3 g4 42. Kb5 Kb7 43.
a3 Ka8 44. Ka6 1/2-1/2

[Event "*** Titled Tuesday Blitz"]
[Site "Chess.com"]
[Date "2020.04.14"]
[Round "7"]
[White "Salem-AR"]
[Black "Oleksandr_Bortnyk"]
[Result "1-0"]
[WhiteElo "2920"]
[BlackElo "3040"]
[TimeControl "180+1"]
[EndTime "11:13:24 PDT"]
[Termination "Salem-AR won by checkmate"]

1. d4 d6 2. e4 Nf6 3. f3 e5 4. d5 Be7 5. Be3 c6 6. c4 O-O 7. Nc3 a5 8. Bd3 cxd5 9. cxd5 Nbd7 10. Nge2 Nc5 11. Bb5 Ne8 12. O-O f5 13. exf5 Bxf5 14. Ng3 Bg6 15. Qd2 b6 16. Rae1 Bh4 17. f4 exf4 18. Bxf4 Nf6 19. Re2 Ra7 20. Qd4 Ng4 21. Bxd6 Rxf1+ 22. Nxf1 Qxd6 23. Qxg4 Bd8 24. Bc4 Ra8 25.
Nb5 Qf6 26. d6+ Kh8 27. Rf2 h5 28. Rxf6 hxg4 29. Rxg6 Bf6 30. Rxg4 Bxb2 31. Rh4# 1-0

[Event "*** Titled Tuesday Blitz"]
[Site "Chess.com"]
[Date "2020.04.14"]
[Round "7"]
[White "GracefulYear"]
[Black "Stormeman100100"]
[Result "1-0"]
[WhiteElo "2684"]
[BlackElo "2454"]
[TimeControl "180+1"]
[EndTime "11:13:26 PDT"]
[Termination "GracefulYear won by resignation"]

1. d4 d5 2. c4 c6 3. Nf3 Nf6 4. g3 Bf5 5. Nc3 a6 6. Bg2 h6 7. O-O e6 8. Nd2 b5 9. cxb5 cxb5 10. e4 dxe4 11. Ndxe4 Nbd7 12. Nxf6+ Nxf6 13. Bxa8 Qxa8 14. f3 Be7 15. Be3 O-O 16. Bf2 b4 17. Na4 Bh3 18.
Re1 Ng4 19. Nc5 Nxf2 20. Kxf2 Bf5 21. Ne4 Rd8 22. Rc1 Bf8 23. Kg2 Qd5 24. Rc2 Qxa2 25. Rd2 Qd5 26. Nf2 a5 27. Re5 Qa2 28. d5 Qc4 29. dxe6 Rxd2 30. Qxd2 Bxe6 31. Rxa5 b3 32.
Ra8 Bd5 33. Rd8 Bb7 34. Rxf8+ Kh7 35. Qd3+ Qxd3 36. Nxd3 1-0

[Event "*** Titled Tuesday Blitz"]
[Site "Chess.com"]
[Date "2020.04.14"]
[Round "7"]
[White "Perimir"]
[Black "Riazantsev"]
[Result "0-1"]
[WhiteElo "2437"]
[BlackElo "2627"]
[TimeControl "180+1"]
[EndTime "11:13:26 PDT"]
[Termination "Riazantsev won by resignation"]

1. e4 e6 2. d4 d5 3. Nc3 Nc6 4. Bb5 Nf6 5. Bxc6+ bxc6 6. e5 Nd7 7. Nce2 c5 8. c3 cxd4 9. cxd4 c5 10. Nf3 Ba6 11. O-O Be7 12. Re1 O-O 13. Be3 Rb8 14. b3 c4 15. bxc4 Bxc4 16. Nf4 Rb2 17. Nd2 Bb4 18. Nxc4 dxc4 19. Re2 Rxe2 20. Nxe2 Nb6 21. Qc2 Qd5 22. a3 Be7 23. Nc3 Qc6 24. a4 Rc8 25.
Nb5 Qd7 26. Rb1 Nd5 27. a5 a6 28.
Nc3 h6 29. Na4 Qc6 30. Nb6 Rb8 31. Nxd5 Rxb1+ 32. Qxb1 exd5 33. Qb6 Qc8 34. Bc1 c3 35. Kf1 Qc4+ 36. Ke1 Bb4 37. Qd8+ Kh7 38. f4 c2+ 39. Kf2 Qxd4+ 40. Kf3 Bd2 41. Qd7 Qd3+ 42. Kg4 Bxc1 43.
Qxf7 Ba3 44. f5 Qe4+ 45. Kg3 Qxe5+ 46. Kg4 c1=Q 47. Qg6+ Kg8 48. Qe8+ Qxe8 0-1

[Event "*** Titled Tuesday Blitz"]
[Site "Chess.com"]
[Date "2020.04.14"]
[Round "7"]
[White "imdvb6307"]
[Black "NTBT_DHS"]
[Result "0-1"]
[WhiteElo "2387"]
[BlackElo "2554"]
[TimeControl "180+1"]
[EndTime "11:13:27 PDT"]
[Termination "NTBT_DHS won on time"]

1. e4 g6 2. d4 Bg7 3. c4 d6 4. Nf3 Nf6 5. Nc3 O-O 6. Be2 e5 7. O-O Nc6 8. d5 Ne7 9. Ne1 Nd7 10. f3 f5 11. g4 Nf6 12. Nd3 c6 13. Be3 b5 14. dxc6 Nxc6 15. cxb5 Nd4 16. g5 Nh5 17. f4 Nxe2+ 18. Qxe2 fxe4 19. Nxe4 Bb7 20. Ng3 Nxf4 21. Nxf4 exf4 22. Bxf4 Bd4+ 23. Be3 Be5 24. Rad1 Qc7 25.
Qd3 d5 26. Bd4 Bf4 27. Rf2 Bxg5 28. Rc2 Qd7 29. Rf1 Rxf1+ 30. Qxf1 Rf8 31. Qd3 Bf4 32. Rf2 Qg4 33. Qf3 Qg5 34. Qg2 Be3 0-1

[Event "*** Titled Tuesday Blitz"]
[Site "Chess.com"]
[Date "2020.04.14"]
[Round "7"]
[White "Renegade_Hitman"]
[Black "artichaud"]
[Result "0-1"]
[WhiteElo "1919"]
[BlackElo "2212"]
[TimeControl "180+1"]
[EndTime "11:13:27 PDT"]
[Termination "artichaud won on time"]

1. Nf3 g6 2. d4 Bg7 3. c4 f5 4. Nc3 Nf6 5. g3 d6 6. Bg2 O-O 7. O-O c6 8. d5 c5 9. Ng5 Na6 10. e4 Nc7 11. exf5 Bxf5 12. Re1 Rb8 13. a4 a6 14. a5 b5 15. axb6 Rxb6 16. Bh3 Bxh3 17.
Nxh3 Rb4 18. Qe2 Re8 19. Nf4 Qc8 20. h4 Qg4 21. Qd3 Qf5 22. Qe2 Ng4 23. Kg2 Ne5 24.
Ra4 Rxa4 25. Nxa4 Bh6 26. Ne6 Nxe6 0-1

[Event "*** Titled Tuesday Blitz"]
[Site "Chess.com"]
[Date "2020.04.14"]
[Round "7"]
[White "eightbyeightchess"]
[Black "saikrishnaReturns"]
[Result "0-1"]
[WhiteElo "2409"]
[BlackElo "2626"]
[TimeControl "180+1"]
[EndTime "11:13:28 PDT"]
[Termination "saikrishnaReturns won on time"]

1. e4 e5 2. Nf3 Nc6 3. Bb5 a6 4. Ba4 d6 5. c3 f5 6. exf5 Bxf5 7. O-O Bd3 8. Re1 Be7 9. Bc2 Bxc2 10. Qxc2 Nf6 11.
d4 e4 12. Ng5 d5 13. Nh3 Qd7 14. Nd2 O-O-O 15. b4 Ng4 16. Nb3 Bd6 17. Nc5 Qf5 18. b5 axb5 19. Qe2 Nxh2 20. Qxb5 Bxc5 21. Kxh2 Bb6 22.
a4 Na5 23. Ba3 g5 24. Bc5 g4 25. Bxb6 Nc4 26. Bxc7 gxh3 27. Bg3 Qd7 28. Qc5+ Qc6 29. Qxc6+ bxc6 30. gxh3 Kb7 31. Rab1+ Ka6 32. a5 h5 33. h4 Rhf8 34. Rb4 Rf3 35. Bc7 Rxf2+ 36. Kg1 Rdf8 37. Rb6+ Nxb6 38. axb6 Ra2 39. Rb1 Kb7 40.
Be5 Rff2 41. c4 dxc4 0-1

[Event "*** Titled Tuesday Blitz"]
[Site "Chess.com"]
[Date "2020.04.14"]
[Round "7"]
[White "sergeikim"]
[Black "GreatOwl02"]
[Result "1-0"]
[WhiteElo "2369"]
[BlackElo "2216"]
[TimeControl "180+1"]
[EndTime "11:13:28 PDT"]
[Termination "sergeikim won by resignation"]

1. d4 d5 2. c4 dxc4 3. e3 e5 4. Bxc4 exd4 5. exd4 Nf6 6. Nf3 Bd6 7. O-O O-O 8. h3 Nbd7 9. Nc3 Nb6 10. Bb3 c6 11. Bg5 h6 12. Bh4 Bf5 13. Re1 g5 14. Bg3 Bxg3 15. fxg3 Nfd5 16. Ne5 Kg7 17. Qf3 Be6 18. Ne4 Nc7 19. Rad1 Bxb3 20. Qxb3 Ne6 21. Qe3 Nd5 22. Qf2 f5 23. Nc5 Nxc5 24. dxc5 Qc7 25. Nc4 Rae8 26. Rxe8 Rxe8 27. Nd6 Re6 28. Nxf5+ Kh7 29.
Qc2 Kg8 30. Nd4 Rf6 31. Qd3 Qe5 32. Kh2 Kg7 33. a3 Ne7 34. b4 Rf2 35. Nf3 Qd5 36.
Qc3+ 1-0

[Event "*** Titled Tuesday Blitz"]
[Site "Chess.com"]
[Date "2020.04.14"]
[Round "7"]
[White "Qingdom"]
[Black "Justinz"]
[Result "0-1"]
[WhiteElo "2093"]
[BlackElo "2268"]
[TimeControl "180+1"]
[EndTime "11:13:28 PDT"]
[Termination "Justinz won by resignation"]

1. d4 Nf6 2. Bg5 e6 3. e4 h6 4. Bxf6 Qxf6 5. c3 g6 6. Bd3 Bg7 7. Nd2 d6 8. Ne2 e5 9. O-O O-O 10. f4 exd4 11. cxd4 Bg4 12. Nf3 Nc6 13. d5 Nb4 14. e5 dxe5 15. fxe5 Qb6+ 16. Kh1 Nxd3 17. Qxd3 Bxf3 18. Qxf3 Bxe5 19. Rab1 Rad8 20. b3 Bg7 21. Rbc1 Rd7 22. Rc4 Kh7 23. h3 Qd6 24. Rf4 f5 25. g4 Qxd5 26. gxf5 Rxf5 27. Rxf5 gxf5 28. Ng3 Qxf3+ 29.
Rxf3 Rd1+ 30. Kg2 Rd2+ 31. Rf2 Rxf2+ 32. Kxf2 f4 33. Ne4 Kg6 34. Nc5 b6 35. Ne6 Be5 36. Kf3 Kf5 37. Nd8 c5 38. Nc6 a6 39. a4 b5 40. axb5 axb5 41. Na7 c4 42. bxc4 bxc4 43. Nc6 c3 44. Nb4 Bd6 45. Nc2 Ke5 46. Ne1 Kd5 47.
h4 Kc4 48. Ke4 Kb3 49. Kd3 Kb2 50. h5 f3 51. Nxf3 c2 0-1

[Event "*** Titled Tuesday Blitz"]
[Site "Chess.com"]
[Date "2020.04.14"]
[Round "7"]
[White "JustWatch000"]
[Black "GelmanAlexander"]
[Result "0-1"]
[WhiteElo "2619"]
[BlackElo "2473"]
[TimeControl "180+1"]
[EndTime "11:13:29 PDT"]
[Termination "GelmanAlexander won by resignation"]

1. Nf3 c5 2. c4 Nf6 3. Nc3 e6 4. d4 cxd4 5. Nxd4 d6 6. e4 b6 7. Be2 Bb7 8. f3 a6 9. O-O Nbd7 10. Be3 Rg8 11. Qd2 h6 12. b3 g5 13. Bd3 Rc8 14.
Rad1 Ne5 15. Bb1 Nfd7 16. f4 gxf4 17. Bxf4 Qh4 18. Bg3 Rxg3 19. hxg3 Qxg3 20. Qf2 Qxc3 21. Nxe6 fxe6 22. Rc1 Qa5 23. Qg3 Qd2 24. Qh3 Ke7 25. Rcd1 Qg5 26. Rf2 Ng4 27. Rf3 Nde5 28. Rg3 Bg7 29.
Bd3 Rf8 30. Be2 h5 31. b4 Bxe4 32. c5 bxc5 33. bxc5 dxc5 34. Rb3 Nf2 35. Qh2 Nxd1 36. Bxd1 Qd2 37. Qh4+ Bf6 38. Qxe4 Qxd1+ 39. Kh2 Ng4+ 40. Kg3 Be5+ 0-1

[Event "*** Titled Tuesday Blitz"]
[Site "Chess.com"]
[Date "2020.04.14"]
[Round "7"]
[White "lhavas"]
[Black "Promacherr"]
[Result "0-1"]
[WhiteElo "2415"]
[BlackElo "2610"]
[TimeControl "180+1"]
[EndTime "11:13:29 PDT"]
[Termination "Promacherr won by checkmate"]

1. d4 Nf6 2. Bg5 Ne4 3. h4 d5 4. Nd2 Bf5 5. Ngf3 h6 6. Bf4 e6 7.
e3 c6 8. c3 Qb6 9. Qb3 Nd7 10.
Nxe4 Bxe4 11. Nd2 Bh7 12. Be2 Be7 13. h5 O-O 14. g4 c5 15. Rg1 c4 16. Qxb6 axb6 17.
Nf3 b5 18. g5 hxg5 19. Bxg5 f6 20. Bh6 Rf7 21. a3 b4 22. cxb4 Bxb4+ 23. Kf1 Bf8 24. Bf4 b5 25. h6 g5 26. Bxg5 fxg5 27. Nxg5 Rf6 28. Nxe6+ Kh8 29. Nc7 Rb8 30. Nxd5 Rf5 31.
Nc3 Bxh6 32. Bg4 Rf7 33. Rh1 Kg7 34. Be6 Re7 35. d5 Ne5 36. Rh5 Nd3 37. Ke2 Rf8 38.
Rg1+ Bg6 39. Nxb5 Rxf2+ 40. Kd1 Bxe3 41. Rgh1 Rd2# 0-1

[Event "*** Titled Tuesday Blitz"]
[Site "Chess.com"]
[Date "2020.04.14"]
[Round "7"]
[White "Bad_left_hook"]
[Black "atalz0"]
[Result "0-1"]
[WhiteElo "2552"]
[BlackElo "2411"]
[TimeControl "180+1"]
[EndTime "11:13:30 PDT"]
[Termination "atalz0 won by checkmate"]

1. Nf3 Nf6 2. d4 e6 3. c4 d5 4. Nc3 a6 5. cxd5 exd5 6. Qc2 h6 7. Bf4 Bd6 8. Bxd6 Qxd6 9. e3 O-O 10. Bd3 Nc6 11.
a3 Bg4 12. Nd2 Rfe8 13. O-O Rac8 14. b4 Nd8 15. h3 Bd7 16. Nb3 Ne6 17. Nc5 Rb8 18.
Rfc1 Ng5 19. Nxd7 Qxd7 20. Bf5 Qd6 21. Na4 c6 22. Nc5 Nge4 23. Bxe4 Nxe4 24. Nxe4 Rxe4 25. Qc5 Qg6 26. a4 Rbe8 27. b5 axb5 28. axb5 R8e6 29. Ra7 Qg5 30. Ra8+ Kh7 31. Qf8 Rxe3 32. fxe3 Qxe3+ 33. Kh2 Qf4+ 34. Kg1 Qxc1+ 35. Kf2 Qe3+ 36. Kf1 Qe1# 0-1

[Event "*** Titled Tuesday Blitz"]
[Site "Chess.com"]
[Date "2020.04.14"]
[Round "7"]
[White "1g41-0"]
[Black "BAS8892"]
[Result "0-1"]
[WhiteElo "2498"]
[BlackElo "2662"]
[TimeControl "180+1"]
[EndTime "11:13:31 PDT"]
[Termination "BAS8892 won on time"]

1. d4 d5 2. c4 c6 3. Nc3 Nf6 4. Nf3 dxc4 5. a4 Bf5 6. e3 e6 7. Bxc4 Nbd7 8. O-O Bb4 9. Qe2 Bg6 10. Nh4 Bh5 11.
Nf3 O-O 12. Rd1 Qe7 13. e4 e5 14. d5 Nb6 15. Bb3 Bxc3 16. d6 Qd7 17. bxc3 Rfe8 18.
a5 Nc8 19. Qd3 Bg6 20. Nh4 Bxe4 21. Qe2 Bd5 22. c4 Be6 23. Bg5 Ng4 24. Bc2 h6 25. Qd3 f5 26. Nxf5 hxg5 27. Ne7+ Nxe7 28. Qh7+ Kf8 29.
dxe7+ Qxe7 30. Qh8+ Bg8 31. c5 Qxc5 32. Bb3 Nf6 33.
Qh3 Rad8 34. Bxg8 Kxg8 35. Qb3+ Kf8 36. Rxd8 Rxd8 37. Qxb7 Rd2 38. Rf1 Qxa5 39. Qc8+ Kf7 40. Qxc6 Qb6 41. Qc3 Rb2 42. Qc4+ Kg6 43. Qc8 e4 0-1

[Event "*** Titled Tuesday Blitz"]
[Site "Chess.com"]
[Date "2020.04.14"]
[Round "7"]
[White "1f3_2g41-0"]
[Black "Usurpov"]
[Result "0-1"]
[WhiteElo "2189"]
[BlackElo "2426"]
[TimeControl "180+1"]
[EndTime "11:13:31 PDT"]
[Termination "Usurpov won by resignation"]

1. e4 c5 2. Nf3 e6 3. d4 cxd4 4. Nxd4 Nf6 5. Nc3 Nc6 6. Bg5 Bb4 7. Nxc6 bxc6 8. Qd4 c5 9. Qd6 Qa5 10. Bxf6 gxf6 11.
Qd2 Bb7 12. Bd3 d5 13. exd5 Bxd5 14. O-O Bxc3 15. bxc3 c4 16. Be2 O-O 17. Qf4 Qxc3 18. a4 Kh8 19. Ra3 Qe5 20. Qh4 Rg8 21. Bf3 Qg5 22. Qh3 Rad8 23. Bxd5 Qxd5 24. Rf3 Rg6 25. Re1 Kg7 26. Rfe3 Rd6 27. f3 Qd2 28. R3e2 Qd4+ 29. Kh1 c3 30. Re3 Qxe3 0-1

[Event "*** Titled Tuesday Blitz"]
[Site "Chess.com"]
[Date "2020.04.14"]
[Round "7"]
[White "bait_or_mate"]
[Black "profofchess"]
[Result "1-0"]
[WhiteElo "2575"]
[BlackElo "2398"]
[TimeControl "180+1"]
[EndTime "11:13:32 PDT"]
[Termination "bait_or_mate won on time"]

1. d4 Nf6 2. c4 c5 3. Nf3 cxd4 4. Nxd4 e5 5. Nb5 d5 6. cxd5 Bc5 7. g3 Ng4 8. e3 f5 9. h3 Nf6 10. N1c3 a6 11. Na3 b5 12. Nc2 Bb7 13. Bg2 e4 14.
Nd4 b4 15. Na4 Bxd4 16. Qxd4 Qxd5 17. Qxb4 Nbd7 18. O-O Qb5 19. Qa3 Qa5 20. b4 Qc7 21. Bb2 O-O 22. Rac1 Qd6 23. Rfd1 Qe6 24. Nc5 Nxc5 25.
bxc5 Rfd8 26. Bf1 Bd5 27. Bxf6 gxf6 28. Rxd5 Rxd5 29. Bc4 Rd1+ 30. Kg2 Rd5 31. Rd1 Rad8 32. Qb3 1-0

[Event "*** Titled Tuesday Blitz"]
[Site "Chess.com"]
[Date "2020.04.14"]
[Round "7"]
[White "BlueWizzard"]
[Black "ElliPaehtz"]
[Result "1-0"]
[WhiteElo "2777"]
[BlackElo "2568"]
[TimeControl "180+1"]
[EndTime "11:13:33 PDT"]
[Termination "BlueWizzard won by resignation"]

1. d4 e6 2. Nc3 d5 3. a3 Nf6 4.
Bg5 Be7 5. Nf3 O-O 6. Bxf6 Bxf6 7. e4 c5 8. e5 Be7 9. dxc5 b6 10. c6 Nxc6 11.
Bd3 f6 12. Qe2 fxe5 13. Nxe5 Nxe5 14. Qxe5 Bf6 15. Qe2 Bd7 16. O-O Rc8 17. Nd1 e5 18. Ne3 Bc6 19. Rad1 Qe8 20. Ba6 Rd8 21. c4 d4 22. Nd5 Kh8 23. Rfe1 Bxd5 24. cxd5 Rxd5 25. Bd3 g6 26. f4 Qd8 27. f5 Bg7 28. fxg6 h6 29.
Rf1 Rd6 30. Rf7 Rf6 31. Qe4 Qd6 32. Rxg7 Kxg7 33. Qb7+ R8f7 34. gxf7 Rxf7 35. Qe4 Qf6 36. Rf1 1-0

[Event "*** Titled Tuesday Blitz"]
[Site "Chess.com"]
[Date "2020.04.14"]
[Round "7"]
[White "ApacheSVD"]
[Black "Malev212"]
[Result "0-1"]
[WhiteElo "2368"]
[BlackElo "2542"]
[TimeControl "180+1"]
[EndTime "11:13:34 PDT"]
[Termination "Malev212 won on time"]

1. e4 Nc6 2. Nf3 Nf6 3. Nc3 d6 4. d4 Bg4 5. Be3 e6 6. h3 Bh5 7. Bd3 Be7 8. g4 Bg6 9. g5 Nd7 10. Qd2 Bh5 11. Be2 a6 12. a4 O-O 13. O-O-O e5 14. Nxe5 dxe5 15. Bxh5 exd4 16. Bxd4 Nxd4 17. Qxd4 Bxg5+ 18. Kb1 Nb6 19. a5 Qxd4 20. Rxd4 Bf6 21. Rb4 Bxc3 22. bxc3 Nd7 23. Rxb7 Rab8 24. Rxb8 Rxb8+ 25. Kc1 Rb5 26. Rd1 Nf8 27. Rd5 c5 0-1

[Event "*** Titled Tuesday Blitz"]
[Site "Chess.com"]
[Date "2020.04.14"]
[Round "7"]
[White "GameOverBro"]
[Black "ReyesBraulio"]
[Result "1-0"]
[WhiteElo "2555"]
[BlackElo "2163"]
[TimeControl "180+1"]
[EndTime "11:13:34 PDT"]
[Termination "GameOverBro won by resignation"]

1. e4 d5 2. exd5 Qxd5 3. Nc3 Qd6 4. d4 a6 5. Bc4 Nf6 6. Nge2 Be6 7. Bf4 Qd7 8. Bxe6 fxe6 9. Qd3 Nc6 10. O-O O-O-O 11. Rfd1 Nd5 12. Bg3 h5 13. h3 g5 14. a3 h4 15. Bh2 Bg7 16. Ne4 Rdg8 17. Nc5 Qe8 18. Nxe6 Qf7 19. Nxg5 Qh5 20. Qf5+ Kb8 21. Qxd5 Bf6 22. Nf4 Qxg5 23. Qxg5 Rxg5 24. Ne6 Rg6 25. Bxc7+ Kc8 26. d5 Na7 27. Bb6 Nb5 28. c4 Nd6 29.
c5 Nc4 30. Rac1 Ne5 31. c6 bxc6 32. dxc6 Rhg8 33. Nf4 R6g7 34. Rc3 Bg5 35. Ne6 Rg6 36. Nxg5 Rxg5 37. g4 Nxg4 38. hxg4 Rxg4+ 39. Kh2 Rg2+ 40. Kh3 R2g6 41. b4 Rf8 42. a4 Rgf6 43. b5 a5 44.
Rcd3 1-0

[Event "*** Titled Tuesday Blitz"]
[Site "Chess.com"]
[Date "2020.04.14"]
[Round "7"]
[White "Olga_Girya"]
[Black "manuellarrea"]
[Result "1-0"]
[WhiteElo "2479"]
[BlackElo "2130"]
[TimeControl "180+1"]
[EndTime "11:13:36 PDT"]
[Termination "Olga_Girya won on time"]

1. d4 Nf6 2. c4 e6 3. Nf3 d5 4. Nc3 c5 5. cxd5 Nxd5 6. e4 Nxc3 7. bxc3 cxd4 8. cxd4 Bb4+ 9. Bd2 Bxd2+ 10. Qxd2 O-O 11. Bc4 Nd7 12. O-O b6 13. Rad1 Bb7 14.
Rfe1 Rc8 15. Bb3 Qf6 16. h3 Rfe8 17. Re3 Rc7 18. Qe1 Rec8 19. d5 exd5 20. e5 Qg6 21. Nd4 Nc5 22. Nb5 Re7 23. Nd6 Rd8 24. Bxd5 Bxd5 25.
Rxd5 Qe6 26. Rd4 Qxa2 27. Rg4 g6 28. Kh2 Re6 29. f4 h5 30. Rgg3 Kh7 31. f5 Rexd6 32. exd6 Rxd6 33. fxg6+ 1-0

[Event "*** Titled Tuesday Blitz"]
[Site "Chess.com"]
[Date "2020.04.14"]
[Round "7"]
[White "Gubajdullin"]
[Black "mphofmann"]
[Result "0-1"]
[WhiteElo "2442"]
[BlackElo "2277"]
[TimeControl "180+1"]
[EndTime "11:13:36 PDT"]
[Termination "mphofmann won by checkmate"]

1. d4 b6 2. Bf4 Bb7 3. e3 h6 4. Nf3 g5 5. Be2 gxf4 6. exf4 e6 7. O-O d6 8. f5 Nd7 9. fxe6 fxe6 10. Nh4 Qxh4 11. Bf3 O-O-O 12. Bxb7+ Kxb7 13. Qf3+ d5 14. a4 a5 15. c3 Ngf6 16. b4 Ra8 17. Na3 axb4 18.
Nb5 c6 19. c4 cxb5 20. axb5 Qxd4 21. Rxa8 Kxa8 22. Qb3 Kb7 23. Qa2 Nb8 24. Ra1 Bc5 25.
Qa8+ Kc8 26. cxd5 Rg8 27. dxe6 Ne4 28. Rf1 Nxf2 29. h3 Nxh3+ 30. Kh1 Nf2+ 31. Kg1 Ng4+ 32.
Kh1 Nf2+ 33. Kg1 Nd3+ 34. Kh1 Qh4# 0-1

[Event "*** Titled Tuesday Blitz"]
[Site "Chess.com"]
[Date "2020.04.14"]
[Round "7"]
[White "mjray79"]
[Black "Alopekos"]
[Result "1-0"]
[WhiteElo "2263"]
[BlackElo "2404"]
[TimeControl "180+1"]
[EndTime "11:13:36 PDT"]
[Termination "mjray79 won on time"]

1. d4 Nf6 2. c4 e6 3. g3 d5 4. Bg2 Be7 5. Nf3 O-O 6. O-O dxc4 7.
Qc2 b5 8. Ng5 c6 9. a4 h6 10.
Nf3 a6 11. Nc3 Bb7 12. Bf4 Nbd7 13. Ne5 Nd5 14. Rfd1 N7b6 15. e4 Nxc3 16. bxc3 Nxa4 17. Nxc4 Rc8 18. Rdb1 Nb6 19. Na5 Ba8 20. Rd1 Bd6 21. Bxd6 Qxd6 22. Nb3 e5 23. Nc5 Nc4 24. Rxa6 Rfd8 25.
Ra7 Qb8 26. Qa2 Qd6 27. Bf1 Nb6 28. Qxf7+ 1-0